 Dungeon Crawl Stone Soup version 0.30-a0-1093-gcfb1e0cf12 (webtiles) character file.

Game seed: 5349558667772285481

1530 Monerk the Trooper (level 8, -10/97 (106) HPs)
             Began as a Minotaur Fighter on Apr 17, 2023.
             Was an Initiate of Okawaru.
             Mangled by a wight
             ... wielding a +0 heavy long sword
              (16 damage)
             ... on level 8 of the Dungeon.
             The game lasted 00:08:22 (5539 turns).

Monerk the Trooper (Minotaur Fighter)               Turns: 5539, Time: 00:08:23

HP:   -10/97 (106)  AC: 10    Str: 23    XL:     8   Next: 55%
MP:   7/7           EV: 11    Int:  5    God:    Okawaru [......]
Gold: 144           SH:  5    Dex: 10    Spells: 7/7 levels left

rFire   + . .      SeeInvis +    a - +0 war axe
rCold   . . .      Faith    .    c - +0 buckler
rNeg    . . .      Spirit   .    b - +1 scale mail
rPois   .          Reflect  .    (helmet restricted)
rElec   .          Rampage  .    q - +0 cloak
rCorr   .                        (no gloves)
Will    .....                    (no boots) Stlth
                                 e - amulet of the acrobat
HPRegen 0.36/turn                f - ring of protection from fire
MPRegen 0.10/turn                l - ring of see invisible

@: berserking, lethally poisoned (-10 -> -19), drained, very quick
A: horns 2, retaliatory headbutt
a: Renounce Religion


You were on level 8 of the Dungeon.
You worshipped Okawaru.
Okawaru was noncommittal.
You visited 2 branches of the dungeon, and saw 9 of its levels.

You collected 293 gold pieces.
You spent 149 gold pieces at shops.

Inventory:

Hand Weapons
 a - a +0 war axe (weapon)
Missiles
 s - a throwing net (quivered)
Armour
 b - a +1 scale mail (worn)
 c - a +0 buckler (worn)
 q - a +0 cloak (worn)
Jewellery
 e - an amulet of the acrobat (around neck)
 f - a ring of protection from fire (left hand)
 l - a ring of see invisible (right hand)
 u - a ring of protection from cold
Wands
 g - a wand of flame (20)
 n - a wand of roots (10)
Scrolls
 h - 5 scrolls of teleportation
 t - a scroll of magic mapping
Potions
 d - a potion of might
 i - 2 potions of ambrosia
 j - a potion of heal wounds
 k - 2 potions of curing
 m - 2 potions of attraction {unknown}
 o - a potion of cancellation {unknown}
 p - a potion of degeneration {unknown}


   Skills:
 + Level 6.8 Fighting
 + Level 6.2 Axes
 + Level 6.8 Armour
 + Level 5.0 Dodging
 + Level 6.8 Shields


You had 7 spell levels left.
You didn't know any spells.
Your spell library contained the following spells:

 Spells                   Type           Power      Damage    Failure   Level
 Blink                    Tloc           0%         N/A       93%         2
 Lesser Beckoning         Tloc           0%         N/A       93%         2
 Momentum Strike          Conj/Tloc      0%         3d8       93%         2
 Static Discharge         Conj/Air       0%         2-2/arc   93%         2
 Ozocubu's Armour         Ice            0%         N/A       99%         3
 Airstrike                Air            0%         2d(0-16)  100%        4
 Passage of Golubria      Tloc           0%         N/A       100%        4
 Metabolic Englaciation   Hex/Ice        0%         N/A       100%        5
 Yara's Violent Unravell  Hex/Tmut       0%         3d3       100%        5
 Tukima's Dance           Hex            Unusable   N/A       N/A         3
 Summon Lightning Spire   Summ/Air       Unusable   N/A       N/A         4
 Simulacrum               Ice/Necr       Unusable   N/A       N/A         6

Dungeon Overview and Level Annotations

Branches:
Dungeon (8/15)             Temple (1/1) D:7            Lair (0/5) D:8

Altars:
Ashenzari
Dithmenos
Fedhas
Gozag
Hepliaklqana
Makhleb
Nemelex Xobeh
Okawaru
Qazlal
Ru
Uskayaw
Wu Jian
Yredelemnul
Zin
The Shining One

Shops:
D:5 =!==   D:6 *


Innate Abilities, Weirdness & Mutations

You have a pair of horns on your head.
You reflexively headbutt those who attack you in melee.


Message History

* * * LOW HITPOINT WARNING * * *
The wight hits you with a +0 heavy long sword!
* * * LOW HITPOINT WARNING * * *
You feel drained.
* * * LOW HITPOINT WARNING * * *
You feel better.
The water moccasin bites you but does no damage.
The wight hits you with a +3 great sword!
* * * LOW HITPOINT WARNING * * *
The white imp shouts, "Scamper hence, thou grime-gilt fob-snatching puttock!"
The wight hits you with a +0 heavy long sword.
* * * LOW HITPOINT WARNING * * *
You feel much better. The water moccasin barely misses you.
The wight barely misses you. You block the water moccasin's attack.
Unknown command.
A red film seems to cover your vision as you go berserk!
You feel yourself moving faster!
You feel mighty! The water moccasin bites you.
* * * LOW HITPOINT WARNING * * *
You are poisoned.
The water moccasin poisons you! The wight closely misses you.
The wight hits you with a +3 great sword!
* * * LOW HITPOINT WARNING * * *
You miss the water moccasin.
The water moccasin is heavily wounded.
You closely miss the wight. You barely miss the wight.
* * * LOW HITPOINT WARNING * * *
You feel very sick. The water moccasin bites you.
* * * LOW HITPOINT WARNING * * *
The wight misses you.
The water moccasin bites you but does no damage.
Unknown command.
You slice the water moccasin!!
You kill the water moccasin!
Okawaru accepts your kill.
You completely miss the wight. You hit the wight.
* * * LOW HITPOINT WARNING * * *
You feel very sick.
The wight hits you with a +0 heavy long sword!
You die...

##+## ... ##...## #.#
###.....## #.####
#.>......###.##.######
#.........##.#...#...#
+.........'....)...#.#
#.....<...####...#...##
##.......## ##z......#
##.....## #@#...#.#
##...## #†z<....# ##+##
#5......# #.......#
#.......# #......)#
#.......# .....####


You could see 2 wights and a white imp.

Vanquished Creatures
  2 water moccasins
  A black bear (D:6)
  A sky beast (D:7)
  An ogre (D:5)
  A centaur (D:5)
  A kobold brigand (D:6)
  A scorpion (D:5)
  6 wights
  A howler monkey (D:7)
  A hound (D:6)
  5 orc priests
  2 jellies
  2 iguanas
  4 orc wizards
  3 gnolls (D:4)
  4 adders
  A shadow imp (D:6)
  A white imp (D:6)
  4 ufetubi
  4 worms
  A dart slug (D:2)
  17 orcs
  6 ball pythons
  5 bats
  2 endoplasms
  5 goblins
  5 hobgoblins
  3 quokkas (D:1)
  4 frilled lizards
  10 kobolds
  4 rats
108 creatures vanquished.

Vanquished Creatures (others)
  An orc wizard (D:7)
  A plant (D:3)
2 creatures vanquished.

Grand Total: 110 creatures vanquished

Notes
Turn   | Place    | Note
-------+----------+-------------------------------------------
     0 | D:1      | Monerk the Minotaur Fighter began the quest for the Orb.
     0 | D:1      | Reached XP level 1. HP: 19/19 MP: 0/0
   140 | D:1      | Reached XP level 2. HP: 27/27 MP: 1/1
   471 | D:1      | Reached skill level 1 in Dodging
   740 | D:2      | You fall into a shaft and drop 1 floor!
   909 | D:2      | Reached XP level 3. HP: 33/33 MP: 2/2
  1142 | D:2      | Found an ornate altar of the Wu Jian Council.
  1387 | D:3      | Reached XP level 4. HP: 40/40 MP: 3/3
  1581 | D:3      | Found a hazy altar of Hepliaklqana.
  2011 | D:3      | Found a faded altar of an unknown god.
  2235 | D:4      | Reached XP level 5. HP: 38/47 MP: 4/4
  2600 | D:5      | Entered Level 5 of the Dungeon
  2622 | D:5      | Found Keciq's Distillery.
  2628 | D:5      | Bought a potion of might for 44 gold pieces
  2628 | D:5      | Bought a potion of heal wounds for 55 gold pieces
  2630 | D:5      | Noticed a centaur
  2636 | D:5      | Killed a centaur
  2761 | D:5      | Found Geijad's Jewellery Shop.
  2790 | D:5      | Reached XP level 6. HP: 55/55 MP: 5/5
  2799 | D:5      | Reached skill level 5 in Fighting
  2799 | D:5      | Reached skill level 5 in Armour
  2799 | D:5      | Reached skill level 5 in Shields
  2837 | D:5      | Found Irru's Jewellery Boutique.
  2856 | D:5      | Noticed a +0 hand axe
  2856 | D:5      | Noticed a +0 dagger
  2857 | D:5      | Found a hide-covered altar of Uskayaw.
  2870 | D:5      | Found Coam's Jewellery Emporium.
  3122 | D:5      | Found a glowing silver altar of Zin.
  3226 | D:5      | Reached XP level 7. HP: 61/61 MP: 6/6
  3662 | D:6      | Reached skill level 5 in Axes
  3720 | D:6      | Found Giynomm Diom's General Store.
  3725 | D:6      | Bought a potion of berserk rage for 50 gold pieces
  3868 | D:6      | Identified the +3 flail of the Conjuring Hero {flame, rC+
                  | rN+}
  4493 | D:6      | Reached XP level 8. HP: 50/70 MP: 7/7
  4919 | D:7      | Found a staircase to the Ecumenical Temple.
  4933 | Temple   | Entered the Ecumenical Temple
  5069 | Temple   | Became a worshipper of Warmaster Okawaru
  5509 | D:8      | Found a staircase to the Lair.
  5529 | D:8      | Reached skill level 5 in Dodging
  5534 | D:8      | HP: 2/65 [wight/+0 heavy long sword (2)]
  5539 | D:8      | Mangled by a wight

Illustrated notes

Levels and vault maps discovered:
D:1:      lemuel_arrival_river_bridge, layout_loops_cross, minmay_pentomino_z2
D:2:      layout_loops_ring, basic_altar, chequers_garden,
          minmay_misc_feat_diagonals
D:3:      layout_basic, nicolae_hepliaklqana_hazy_memory,
          shapermc_ecumenical_altar_mp_urbaneastern
D:4:      layout_rooms
D:5:      layout_loops_ring, zin_academy, dancing_weapons_uskayaw, serial_shops,
          nicolae_shop_trees, nicolae_shop_tiny_glass,
          nicolae_shop_real_fake_doors, shop, serial_bayou_crossing
D:6:      layout_loops_corners, serial_shops, shop
D:7:      layout_basic, minmay_temple_entry_waves
D:8:      minmay_evil_eye, layout_loops_corners, mainiacjoe_overflow_boulevard,
          gammafunk_temple_overflow_pools, lair_entry_dummy, serial_shops,
          nicolae_square_shop, nicolae_ossuary_entry_false_entrances
Temple:   cyrus_circular_temple

Skill      XL: |  1  2  3  4  5  6  7  8 |
---------------+-------------------------+-----
Dodging        | 1 2 3 4 5 |  5.0
Fighting       | 4 5 6 |  6.8
Shields        | 4 5 6 |  6.8
Armour         | 4 5 6 |  6.8
Axes           | 3 4 5 6 |  6.2

Action                     |  1- 3 |  4- 6 |  7- 9 || total
---------------------------+-------+-------+-------++-------
  Melee: War axe           |    90 |    66 |   111 ||   267
         Headbutt          |    10 |    14 |    27 ||    51
    Use: Scroll            |     6 |     3 |       ||     9
         Potion            |       |     1 |     4 ||     5
 Armour: Scale mail        |    41 |    22 |    48 ||   111
  Dodge: Dodged            |    48 |    43 |    91 ||   182
  Block: Buckler           |    25 |    21 |    28 ||    74

Table legend: (Time is in decaauts)
 A = Elapsed time spent in this place.
 B = Non-inter-level travel time spent in this place.
 C = Inter-level travel time spent in this place.
 D = Time resting spent in this place.
 E = Time spent auto-exploring this place.
 F = Levels seen in this place.
 G = Mean time per level.
                   A        B        C        D        E       F      G
               +--------+--------+--------+--------+--------+-----+--------+
         Total |   5634 |   5499 |    135 |    133 |   4557 |   9 |  626.0 |
       Dungeon |   5487 |   5361 |    126 |    133 |   4439 |   8 |  685.9 |
        Temple |    147 |    138 |      9 |      0 |    118 |   1 |  147.0 |
               +--------+--------+--------+--------+--------+-----+--------+

Top non-repeatable levels by time:
     D:6: 1093 daAuts
     D:5: 953 daAuts
     D:3: 759 daAuts
     D:1: 758 daAuts
     D:7: 756 daAuts
     D:4: 570 daAuts
     D:2: 563 daAuts
  Temple: 147 daAuts
     D:8: 32 daAuts
